 Dungeon Crawl Stone Soup version 0.31-a0-844-gdc52ec4e09 (webtiles) character file.

Game seed: 13371289633740571717

114 LeprechaunX the Changeling (level 4, -4/29 HPs)
             Began as an Octopode Shapeshifter on Sept 29, 2023.
             Slain by Sigmund
             ... wielding a +0 scythe
              (10 damage)
             ... on level 2 of the Dungeon.
             The game lasted 00:01:17 (1307 turns).

LeprechaunX the Changeling (Octopode Shapeshifter)  Turns: 1307, Time: 00:01:17

Health: -4/29      AC:  5    Str: 15    XL:     4   Next: 97%
Magic:  4/4        EV: 11    Int: 12    God:
Gold:   63         SH:  7    Dex: 11    Spells: 3/3 levels left

rFire   + .          .
                       - Unarmed
rCold   . . .        j - +0 kite shield
rNeg    . . .        (helmet currently unavailable)
rPois   .            (no amulet)
rElec   .            g - ring of protection from fire
rCorr   .            k - +4 ring of protection
SInv    .            (no ring)
Will    .....        (no ring)
Stlth   ++           (no ring)
HPRegen 0.24/turn    (no ring)
MPRegen 0.09/turn    (no ring)
                     (no ring)

%: no passive effects
@: beast-form
A: beast (slay +2), almost no armour, amphibious, 8 rings, camouflage 1,
gelatinous body 1, (nimble swimmer 1), tentacles
a: Begin Untransformation


You were on level 2 of the Dungeon.
You were a hulking beast.
You visited 1 branch of the dungeon, and saw 2 of its levels.

You collected 63 gold pieces.

Inventory:

Armour
 j - a +0 kite shield (worn)
Jewellery
 g - a ring of protection from fire (left tentacle)
 k - a +4 ring of protection (right tentacle)
Talismans
 b - a beast talisman (active)
 c - a flux talisman
 e - a maw talisman
Scrolls
 d - 3 scrolls of teleportation {unknown}
 f - 2 scrolls of revelation {unknown}
 h - 2 scrolls of identify {unknown}
Potions
 a - a potion of lignification
 i - 4 potions of heal wounds {unknown}


   Skills:
 + Level 2.1 Fighting
 + Level 2.7 Dodging
 + Level 0.3 Shields
 + Level 3.5 Unarmed Combat
 * Level 3.9 Shapeshifting


You had 3 spell levels left.
You didn't know any spells.
Your spell library contained the following spells:

 Spells                   Type           Power      Damage    Failure   Level
 Call Canine Familiar     Summ           0%         N/A       98%         3
 Sigil of Binding         Hex            0%         N/A       98%         3
 Dimensional Bullseye     Hex/Tloc       0%         N/A       100%        4
 Leda's Liquefaction      Hex/Erth       0%         N/A       100%        4


Dungeon Overview and Level Annotations

Branches:
Dungeon (2/15)

Altars:

Annotations:
D:2 Sigmund


Innate Abilities, Weirdness & Mutations

You are a hulking beast.
Your limbs bulge with bestial killing power. (Slay +2)
You cannot wear most types of armour.
You are amphibious.
You can wear up to eight rings at the same time.
Your skin changes colour to match your surroundings (Stealth+).
Your rubbery body absorbs attacks. (AC +1, EV +1)
((You are camouflaged when in or above water. (Stealth+)))
You have tentacles for arms and can constrict up to eight enemies at once.


Message History

No target in view!
No target in view!
No target in view!
No target in view!
No target in view!
No target in view!
No target in view!
No target in view!
Found 3 boomerangs.
There is a stone staircase leading up here.
Sigmund the Dreaded comes into view.
He is wielding a +0 scythe and wearing a +0 robe of willpower.
Sigmund shouts!
Sigmund casts a spell.
Sigmund flickers and vanishes!
Deactivating autopickup; reactivate with Ctrl-A.
There is a strange disturbance nearby!
There is a strange disturbance nearby!
No target in view!
No target in view!
No target in view!
No target in view!
Something hits you but does no damage. Something hits you!
You completely miss something. Your squeeze misses something.
You barely miss something. Your squeeze misses something. Something hits you.
You tentacle-slap something. Something hits you.
You miss something.
You hear some strange, mumbled words.
A puff of flame appears from out of thin air!
The puff of flame hits you but does no damage.
You tentacle-slap something. You squeeze something! Something hits you.
You barely miss something. You miss something. Something hits you!
You tentacle-slap something but do no damage.
Your squeeze misses something. Something hits you.
* * * LOW HITPOINT WARNING * * *
You tentacle-slap something. Your squeeze misses something.
Something hits you but does no damage.
You closely miss something. Something hits you!
You die...

# #.( #..# #
#.#########.# ##
#.##........#
.#####.##........#
.................#
.##.#####†.......#
....# #####.##.#
.#### ###.##.# .#
#...##h# .#
########<####{# .#
#.........# #.# .#
#.........# #.#
.###.........# #.#
.#..........(# ..#
.#.########### .##
...# . .<##


There were no monsters in sight!

Vanquished Creatures
  Jessica (D:2)
  Natasha (twice) (D:2)
  An adder (D:2)
  A dart slug (D:1)
  3 endoplasms
  A giant cockroach (D:1)
  3 goblins (D:1)
  A hobgoblin (D:2)
  5 jackals (D:2)
  A quokka (D:2)
  A ball python (D:1)
  4 bats (D:1)
  A frilled lizard (D:2)
  A kobold (D:1)
  4 rats
30 creatures vanquished.

Notes
Turn   | Place    | Note
-------+----------+-------------------------------------------
     0 | D:1      | LeprechaunX the Octopode Shapeshifter began the quest for
                  | the Orb.
     0 | D:1      | Reached XP level 1. HP: 13/13 MP: 1/1
   272 | D:1      | Reached XP level 2. HP: 13/18 MP: 2/2
   941 | D:2      | Noticed Jessica
   944 | D:2      | Killed Jessica
   945 | D:2      | Reached XP level 3. HP: 15/24 MP: 3/3
  1022 | D:2      | Identified the +5 ring mail "Biylozuq" {rC+ Int+5}
  1072 | D:2      | Reached XP level 4. HP: 29/29 MP: 4/4
  1083 | D:2      | Noticed Natasha
  1094 | D:2      | Killed Natasha
  1239 | D:2      | Noticed Natasha
  1249 | D:2      | Killed Natasha
  1294 | D:2      | Noticed Sigmund
  1307 | D:2      | Slain by Sigmund

Illustrated notes

Levels and vault maps discovered:
D:1:      dpeg_arrival_fog, layout_basic, minmay_misc_feat_chi
D:2:      layout_rooms, shapermc_ecumenical_altar_mp_vishouse, uniq_jessica,
          uniq_natasha, uniq_sigmund

Skill      XL: |  1  2  3  4 |
---------------+-------------+-----
Fighting       | 2 |  2.1
Dodging        | |  2.7
Shields        | |  0.3
Unarmed Combat | |  3.5
Shapeshifting  | |  3.9

Action                     |  1- 3 |  4- 6 || total
---------------------------+-------+-------++-------
  Melee: Unarmed           |    39 |    31 ||    70
         Tentacles         |     9 |     5 ||    14
         Constrict         |     8 |     5 ||    13
         Punch             |       |     1 ||     1
   Stab: Sleeping          |     4 |       ||     4
 Armour: Skin              |    13 |    21 ||    34
  Dodge: Dodged            |    21 |    16 ||    37
  Block: Kite shield       |       |     3 ||     3

Table legend: (Time is in decaauts)
 A = Elapsed time spent in this place.
 B = Non-inter-level travel time spent in this place.
 C = Inter-level travel time spent in this place.
 D = Time resting spent in this place.
 E = Time spent auto-exploring this place.
 F = Levels seen in this place.
 G = Mean time per level.
                   A        B        C        D        E       F      G
               +--------+--------+--------+--------+--------+-----+--------+
         Total |   1306 |   1282 |     24 |      0 |   1061 |   2 |  653.0 |
       Dungeon |   1306 |   1282 |     24 |      0 |   1061 |   2 |  653.0 |
               +--------+--------+--------+--------+--------+-----+--------+

Top non-repeatable levels by time:
     D:1: 875 daAuts
     D:2: 430 daAuts
